Map: Nightshade LE

Players

Kolo

  • Race: Terran Terran
  • League: Diamond
  • Spawn Location: 5:00

A.I. 1 (Medium)

  • Race: Zerg Zerg
  • Spawn Location: 11:00

VOD

Have the link to the VOD?

Description

Time

  • Played on: April 3, 2020, 5:48 p.m.
  • Length: 22:28
Show
View Real Time Build Order
Export as new Build Order

Kolo Terran 

Build Orders: Reaper Expand, Banshee Rush 

Get SALT Encoding   

  1  0:00  Orbital Command  
  12  0:03  SCV x12  
  13  0:23  SCV  
  13  0:35  SCV  
  13  0:40  Supply Depot  
  14  0:47  SCV  
  15  1:03  Barracks, SCV  
  16  1:06  Refinery  
  16  1:15  SCV  
  17  1:27  Protoss Shields Level 3, Protoss Ground Weapons Level 3, Protoss Ground Armor Level 3  
  17  1:29  SCV  
  18  1:42  SCV  
  19  1:49  Terran Ship Weapons Level 3, Zerg Flyer Armor Level 3, Terran Infantry Armor Level 3, Protoss Air Armor Level 3, Protoss Air Weapons Level 3, Zerg Melee Weapons Level 3, Terran Vehicle Weapons Level 3, Zerg Flyer Weapons Level 3, Zerg Missile Weapons Level 3, Terran Infantry Weapons Level 3, Terran Ship Armor Level 3, Terran Vehicle Armor Level 3, Zerg Ground Armor Level 3  
  19  1:52  Protoss Ground Weapons Level 2, Protoss Shields Level 2, Protoss Ground Armor Level 2  
  19  1:53  Reaper  
  20  1:54  Orbital Command  
  20  2:07  Command Center  
  20  2:10  Terran Ship Armor Level 2, Protoss Air Armor Level 2, Terran Vehicle Armor Level 2, Zerg Melee Weapons Level 2, Terran Vehicle Weapons Level 2, Zerg Missile Weapons Level 2, Terran Ship Weapons Level 2, Zerg Flyer Armor Level 2, Terran Infantry Armor Level 2, Zerg Flyer Weapons Level 2, Zerg Ground Armor Level 2, Protoss Air Weapons Level 2, Terran Infantry Weapons Level 2  
  20  2:16  Supply Depot  
  20  2:17  Protoss Shields Level 1, Protoss Ground Armor Level 1, Protoss Ground Weapons Level 1  
  20  2:20  SCV  
  21  2:25  Marine, Blink  
  22  2:32  Terran Infantry Weapons Level 1, SCV, Terran Vehicle Weapons Level 1, Terran Infantry Armor Level 1, Protoss Air Armor Level 1, Zerg Ground Armor Level 1, Terran Ship Armor Level 1, Zerg Flyer Armor Level 1, Protoss Air Weapons Level 1, Terran Ship Weapons Level 1, Zerg Missile Weapons Level 1, Zerg Melee Weapons Level 1, Terran Vehicle Armor Level 1, Zerg Flyer Weapons Level 1  
  22  2:36  Factory  
  23  2:45  SCV, Barracks Reactor  
  23  2:46  Weapon Refit, Charge, Warp Gate, Resonating Glaives, Stimpack, Extended Thermal Lance, Neosteel Armor  
  23  2:47  Refinery  
  24  2:53  Ventral Sacs, Adrenal Glands  
  24  2:57  SCV  
  25  2:59  Enduring Locusts  
  25  3:00  Personal Cloaking  
  25  3:07  Neural Parasite, Cloaking Field, Tunneling Claws, Corvid Reactor, Centrifical Hooks, Psionic Storm, Neosteel Frame, Infernal Pre-Igniter, Combat Shield, Chitinous Plating, Metabolic Boost, Glial Reconstitution, Durable Materials  
  25  3:09  SCV  
  26  3:15  Muscular Augments x2, Burrow  
  26  3:21  Starport  
  26  3:25  SCV  
  27  3:27  Orbital Command  
  27  3:29  Hi-Sec Auto Tracking, Gravitic Drive, Graviton Catapult, Caduceus Reactor, Moebius Reactor, Behemoth Reactor, Hellion x2, Pathogen Glands, Gravitic Boosters  
  31  3:34  Barracks Tech Lab  
  31  3:39  SCV  
  32  3:43  Concussive Shells, Pneumatized Carapace, Supply Depot  
  32  3:51  Hellion x2  
  36  4:00  SCV x2  
  41  4:11  Supply Depot  
  47  4:26  Unknown x5  
    18:05  Orbital Command  
    18:18  SCV x12  
    18:30  SCV  
  13  18:43  SCV  
  13  18:47  Supply Depot  
  14  18:55  SCV  
  15  19:09  Barracks  
  15  19:10  SCV  
  15  19:15  Refinery  
  16  19:22  SCV  
  17  19:34  SCV  
  18  19:46  SCV  
  19  19:58  Orbital Command  
  19  19:59  Reaper  
  20  20:13  Command Center  
  20  20:23  Supply Depot  
  20  20:24  SCV  
  21  20:31  Marine  
  22  20:36  SCV  
  22  20:40  Factory  
  23  20:47  Refinery  
  23  20:49  SCV  
  24  20:52  Barracks Reactor  
  24  21:01  SCV  
  25  21:13  SCV  
  26  21:25  SCV  
  27  21:26  Starport  
  27  21:33  Orbital Command  
  27  21:36  Hellion  
  27  21:37  Hellion  
  27  21:39  Barracks Tech Lab  
  31  21:41  SCV  
  32  21:53  SCV  
  33  22:00  Supply Depot  
  33  22:01  Hellion x2  
  36  22:03  SCV  
  37  22:09  SCV  
  42  22:26  Supply Depot  
Show
View Real Time Build Order
Export as new Build Order

A.I. 1 (Medium) Zerg 

Build Orders: Hatch First 

Get SALT Encoding   

  1  0:00  Overlord  
  12  0:03  Drone x12  
    0:15  Unknown  
  13  0:24  Drone  
  13  0:34  Drone  
  14  0:48  Overlord  
  14  1:07  Drone x3  
  17  1:18  Drone  
  18  1:27  Protoss Shields Level 3, Protoss Ground Weapons Level 3, Protoss Ground Armor Level 3  
  18  1:43  Hatchery  
  17  1:49  Terran Ship Weapons Level 3, Zerg Flyer Armor Level 3, Terran Infantry Armor Level 3, Protoss Air Armor Level 3, Protoss Air Weapons Level 3, Zerg Melee Weapons Level 3, Terran Vehicle Weapons Level 3, Zerg Flyer Weapons Level 3, Zerg Missile Weapons Level 3, Terran Infantry Weapons Level 3, Terran Ship Armor Level 3, Terran Vehicle Armor Level 3, Zerg Ground Armor Level 3  
  17  1:52  Protoss Ground Weapons Level 2, Protoss Shields Level 2, Protoss Ground Armor Level 2  
  17  1:57  Spawning Pool  
  17  2:00  Drone  
  17  2:04  Extractor  
  17  2:07  Drone  
  17  2:10  Terran Ship Armor Level 2, Protoss Air Armor Level 2, Terran Vehicle Armor Level 2, Zerg Melee Weapons Level 2, Terran Vehicle Weapons Level 2, Zerg Missile Weapons Level 2, Terran Ship Weapons Level 2, Zerg Flyer Armor Level 2, Terran Infantry Armor Level 2, Zerg Flyer Weapons Level 2, Zerg Ground Armor Level 2, Protoss Air Weapons Level 2, Terran Infantry Weapons Level 2  
  17  2:17  Protoss Shields Level 1, Protoss Ground Armor Level 1, Protoss Ground Weapons Level 1, Overlord  
  17  2:25  Blink  
  17  2:32  Terran Infantry Weapons Level 1, Terran Vehicle Armor Level 1, Protoss Air Armor Level 1, Terran Infantry Armor Level 1, Terran Vehicle Weapons Level 1, Zerg Ground Armor Level 1, Terran Ship Armor Level 1, Zerg Flyer Armor Level 1, Protoss Air Weapons Level 1, Terran Ship Weapons Level 1, Zerg Missile Weapons Level 1, Zerg Melee Weapons Level 1, Zerg Flyer Weapons Level 1  
  17  2:45  Zergling x2  
  17  2:46  Weapon Refit, Charge, Warp Gate, Resonating Glaives, Queen, Stimpack, Extended Thermal Lance, Neosteel Armor  
  17  2:48  Drone  
  17  2:50  Zergling x2  
  22  2:53  Ventral Sacs, Adrenal Glands  
  22  2:59  Enduring Locusts  
  22  3:00  Personal Cloaking  
  22  3:06  Roach Warren  
  22  3:07  Neural Parasite, Cloaking Field, Tunneling Claws, Corvid Reactor, Centrifical Hooks, Psionic Storm, Neosteel Frame, Infernal Pre-Igniter, Combat Shield, Chitinous Plating, Metabolic Boost, Glial Reconstitution, Durable Materials  
  22  3:10  Drone  
  22  3:14  Extractor  
  22  3:15  Muscular Augments x2, Burrow  
  22  3:17  Drone  
  22  3:29  Hi-Sec Auto Tracking, Gravitic Drive, Graviton Catapult, Gravitic Boosters, Pathogen Glands, Behemoth Reactor, Moebius Reactor, Caduceus Reactor  
  22  3:32  Baneling Nest  
  21  3:38  Drone  
  22  3:43  Concussive Shells, Pneumatized Carapace  
  22  3:44  Zergling x2  
  23  3:51  Zergling x2  
  24  3:57  Zergling x2  
  28  4:26  Unknown x5  
    18:12  Overlord  
    18:18  Drone x12  
    18:30  Unknown  
    18:31  Drone  
  13  18:43  Overlord  
  13  19:14  Hatchery  
  12  19:37  Spawning Pool  
  11  20:26  Queen  
  13  20:56  Zergling x2, Drone  
  15  20:59  Extractor  
  15  21:03  Zergling x2  
  15  22:10  Drone  
  15  22:13  Evolution Chamber  
  16  22:19  Evolution Chamber  
Tags
 
Add a new tag
Caveats
  • Supply blocks, unpowered buildings, or Contaminate may cause inaccurate times.
  • Supply counts are checked every 10 seconds.